General information
- name: BNet
- type: Ladder team game (AT/RT)
- host: Battle.net
- saver: BEAR_AND
map: RiverOfSouls
- players: 6
- length: 33:33
- speed: Fast
- version: 1.21 W3XP
- replay type:

» download(188 KB)
Players
team 1 (winner)
BEAR_AND (
red | 81 APM | 2724 actions | 33:33)
7 Warden
3 Shadow Strike
3 Blink
1 Fan of Knives
» actions
| Assign group hotkey | 11 | |
| Build / train | 59 | |
| Enter build submenu | 18 | |
| Enter hero's abilities submenu | 8 | |
| Give item / drop item | 2 | |
| Remove unit from queue | 2 | |
| Right click | 1520 | |
| Select / deselect | 220 | |
| Select group hotkey | 798 | |
| Use ability | 86 | |
2724 total
» units
» upgrades
| Strength of the Wild | 3 | |
| Ultravision | 1 | |
| Corrosive Breath | 1 | |
| Well Spring | 1 | |
| Reinforced Hides | 3 | |
9 total
» buildings
| Altar of Elders | 1 | |
| Moon Well | 11 | |
| Tree of Life | 2 | |
| Tree of Ages | 1 | |
| Hunter's Hall | 1 | |
| Tree of Eternity | 1 | |
| Ancient of Wonders | 1 | |
| Ancient of Wind | 1 | |
| Chimaera Roost | 2 | |
21 total
» build order
00:22 Altar of Elders
00:26 Moon Well
01:03 Moon Well
04:29 Tree of Life
04:45 Moon Well
04:47 Moon Well
04:47 Moon Well
05:00 Tree of Life
05:59 Moon Well
06:01 Moon Well
06:03 Moon Well
06:11 Moon Well
06:14 Tree of Ages
07:23 Hunter's Hall
07:47 Moon Well
07:48 Moon Well
08:43 Tree of Eternity
09:03 Ancient of Wonders
09:35 Ancient of Wind
11:10 Chimaera Roost
11:13 Chimaera Roost
» items
| Staff of Teleportation | 1 | |
| Boots of Speed | 1 | |
| Staff of Preservation | 1 | |
| Lesser Clarity Potion | 1 | |
| Orb of Venom | 1 | |
| Staff of Sanctuary | 1 | |
| Scroll of Town Portal | 1 | |
7 total
bLinn (
blue | 62 APM | 2066 actions | 33:32)
7 Pandaren Brewmaster
3 Breath of Fire
3 Drunken Brawler
1 Storm Earth and Fire
» actions
| Assign group hotkey | 247 | |
| Basic commands | 7 | |
| Build / train | 71 | |
| ESC pressed | 2 | |
| Enter build submenu | 72 | |
| Enter hero's abilities submenu | 7 | |
| Remove unit from queue | 12 | |
| Right click | 901 | |
| Select / deselect | 273 | |
| Select group hotkey | 349 | |
| Use ability | 125 | |
2066 total
» units
» upgrades
| Spiked Barricades | 2 | |
| Liquid Fire | 1 | |
| Reinforced Defenses | 1 | |
| Ranged Weapons | 2 | |
| Armor | 1 | |
7 total
» buildings
| Altar of Storms | 1 | |
| War Mill | 1 | |
| Orc Burrow | 3 | |
| Watch Tower | 57 | |
| Voodoo Lounge | 2 | |
| Great Hall | 1 | |
| Stronghold | 3 | |
| Beastiary | 2 | |
| Fortress | 3 | |
73 total
» build order
00:02 Altar of Storms
00:12 War Mill
01:01 Orc Burrow
01:46 Watch Tower
02:20 Watch Tower
02:25 Watch Tower
03:06 Watch Tower
03:42 Voodoo Lounge
03:50 Watch Tower
04:03 Great Hall
04:09 Watch Tower
04:20 Orc Burrow
04:46 Watch Tower
04:50 Watch Tower
05:32 Watch Tower
05:40 Watch Tower
05:54 Watch Tower
06:04 Watch Tower
06:35 Stronghold
06:35 Stronghold
06:59 Watch Tower
07:02 Watch Tower
07:22 Watch Tower
07:28 Watch Tower
07:48 Orc Burrow
07:49 Watch Tower
08:04 Watch Tower
08:15 Watch Tower
08:30 Watch Tower
08:35 Watch Tower
08:55 Watch Tower
09:07 Beastiary
09:15 Beastiary
09:20 Fortress
09:20 Fortress
09:56 Watch Tower
10:00 Watch Tower
10:03 Watch Tower
10:20 Watch Tower
10:37 Watch Tower
11:05 Watch Tower
11:06 Watch Tower
11:15 Watch Tower
11:16 Watch Tower
11:17 Watch Tower
11:19 Watch Tower
11:19 Watch Tower
11:31 Watch Tower
12:36 Watch Tower
12:36 Watch Tower
12:42 Watch Tower
13:49 Watch Tower
13:50 Watch Tower
15:05 Watch Tower
15:06 Watch Tower
16:27 Watch Tower
16:30 Watch Tower
16:48 Watch Tower
16:49 Watch Tower
16:51 Watch Tower
18:03 Watch Tower
18:04 Watch Tower
18:05 Watch Tower
18:32 Voodoo Lounge
21:22 Watch Tower
21:24 Watch Tower
21:25 Watch Tower
25:46 Watch Tower
25:47 Watch Tower
25:47 Watch Tower
25:48 Watch Tower
» items
| Boots of Speed | 1 | |
| Healing Salve | 1 | |
| Lesser Clarity Potion | 1 | |
| Orb of Lightning | 1 | |
| Staff of Teleportation | 1 | |
| Tiny Great Hall | 1 | |
6 total
DIRTMCWORDUP (
yellow | 75 APM | 2500 actions | 33:32)
5 Archmage
3 Blizzard
2 Brilliance Aura
5 Blood Mage
3 Flame Strike
2 Siphon Mana
» actions
| Assign group hotkey | 8 | |
| Basic commands | 75 | |
| Build / train | 96 | |
| ESC pressed | 4 | |
| Enter build submenu | 73 | |
| Enter hero's abilities submenu | 10 | |
| Give item / drop item | 7 | |
| Right click | 1132 | |
| Select / deselect | 259 | |
| Select group hotkey | 617 | |
| Use ability | 219 | |
2500 total
» units
| Peasant | 14 | |
| Sorceress | 3 | |
| Priest | 2 | |
19 total
» upgrades
| Masonry | 3 | |
| Lumber Harvesting | 2 | |
| Magic Sentry | 1 | |
| Sorceress Training | 2 | |
| Priest Training | 2 | |
| Control Magic | 1 | |
11 total
» buildings
| Altar of Kings | 1 | |
| Farm | 6 | |
| Lumber Mill | 2 | |
| Scout Tower | 93 | |
| Arcane Tower | 1 | |
| Guard Tower | 42 | |
| Keep | 1 | |
| Arcane Vault | 1 | |
| Arcane Sanctum | 1 | |
| Castle | 3 | |
| Town Hall | 2 | |
153 total
» build order
00:07 Altar of Kings
00:15 Farm
00:22 Lumber Mill
00:35 Scout Tower
01:02 Arcane Tower
01:15 Scout Tower
01:34 Farm
01:50 Guard Tower
01:55 Scout Tower
02:22 Guard Tower
02:27 Scout Tower
02:30 Scout Tower
02:58 Guard Tower
02:59 Scout Tower
03:01 Guard Tower
03:02 Scout Tower
03:22 Scout Tower
03:23 Scout Tower
03:25 Scout Tower
03:35 Guard Tower
03:36 Scout Tower
03:51 Guard Tower
03:53 Guard Tower
04:06 Guard Tower
04:26 Guard Tower
04:56 Scout Tower
04:56 Scout Tower
04:57 Scout Tower
04:58 Scout Tower
04:59 Scout Tower
04:59 Scout Tower
05:29 Guard Tower
06:00 Scout Tower
06:01 Scout Tower
06:10 Scout Tower
06:11 Scout Tower
06:16 Guard Tower
06:20 Guard Tower
06:34 Scout Tower
06:35 Scout Tower
06:36 Scout Tower
06:38 Scout Tower
06:38 Scout Tower
06:40 Scout Tower
06:46 Keep
06:59 Guard Tower
07:05 Scout Tower
07:06 Scout Tower
07:07 Scout Tower
07:10 Scout Tower
07:10 Scout Tower
07:14 Guard Tower
07:32 Guard Tower
07:34 Guard Tower
07:37 Scout Tower
07:38 Scout Tower
07:39 Scout Tower
07:40 Scout Tower
07:45 Guard Tower
07:50 Scout Tower
07:51 Scout Tower
07:53 Scout Tower
07:53 Scout Tower
07:54 Scout Tower
07:56 Scout Tower
07:58 Scout Tower
07:58 Scout Tower
08:04 Guard Tower
08:12 Arcane Vault
08:15 Scout Tower
08:16 Scout Tower
08:17 Scout Tower
08:23 Guard Tower
08:43 Guard Tower
09:11 Scout Tower
09:12 Scout Tower
09:17 Guard Tower
09:23 Guard Tower
09:25 Scout Tower
09:26 Scout Tower
09:57 Guard Tower
10:00 Scout Tower
10:01 Scout Tower
10:02 Scout Tower
10:08 Scout Tower
10:09 Scout Tower
10:12 Guard Tower
10:14 Guard Tower
10:16 Lumber Mill
10:19 Guard Tower
10:32 Farm
10:35 Farm
10:39 Farm
10:47 Arcane Sanctum
10:50 Guard Tower
10:52 Scout Tower
10:52 Scout Tower
10:59 Guard Tower
11:30 Guard Tower
11:33 Scout Tower
11:34 Scout Tower
12:03 Scout Tower
12:04 Scout Tower
12:14 Guard Tower
12:27 Scout Tower
12:28 Scout Tower
12:29 Scout Tower
12:32 Guard Tower
12:39 Castle
12:40 Castle
13:15 Guard Tower
13:33 Guard Tower
14:02 Guard Tower
14:05 Scout Tower
14:32 Guard Tower
15:43 Scout Tower
15:45 Scout Tower
16:42 Guard Tower
16:45 Guard Tower
16:49 Scout Tower
16:50 Scout Tower
16:53 Scout Tower
18:33 Guard Tower
18:36 Scout Tower
18:36 Scout Tower
18:37 Scout Tower
19:07 Guard Tower
19:20 Farm
20:25 Scout Tower
20:26 Scout Tower
20:28 Guard Tower
20:44 Scout Tower
20:45 Scout Tower
20:49 Scout Tower
20:50 Scout Tower
20:52 Scout Tower
20:53 Scout Tower
21:38 Guard Tower
22:22 Guard Tower
27:35 Town Hall
29:05 Town Hall
29:28 Scout Tower
29:28 Scout Tower
29:30 Scout Tower
29:31 Scout Tower
29:36 Scout Tower
29:42 Scout Tower
31:56 Scout Tower
31:59 Scout Tower
32:01 Scout Tower
32:02 Scout Tower
32:02 Scout Tower
» items
| Staff of Teleportation | 2 | |
| Boots of Speed | 2 | |
| Orb of Lightning | 2 | |
| Staff of Sanctuary | 1 | |
7 total
team 2 (loser)
Cheese.Nip (
teal | 48 APM | 1617 actions | 33:32)
2 Firelord
1 Summon Lava Spawn
1 Soul Burn
2 Demon Hunter
1 Mana Burn
1 Immolation
» actions
| Assign group hotkey | 28 | |
| Basic commands | 44 | |
| Build / train | 73 | |
| ESC pressed | 22 | |
| Enter build submenu | 30 | |
| Enter hero's abilities submenu | 4 | |
| Right click | 689 | |
| Select / deselect | 326 | |
| Select group hotkey | 308 | |
| Use ability | 93 | |
1617 total
» units
| Wisp | 25 | |
| Huntress | 16 | |
| Archer | 10 | |
| Glaive Thrower | 9 | |
60 total
» upgrades
| Improved Bows | 1 | |
| Vorpal Blades | 1 | |
| Moon Armor | 1 | |
| Ultravision | 1 | |
4 total
» buildings
| Moon Well | 17 | |
| Hunter's Hall | 1 | |
| Ancient of War | 2 | |
| Altar of Elders | 2 | |
| Ancient Protector | 5 | |
| Tree of Ages | 1 | |
| Tree of Life | 1 | |
29 total
» build order
00:22 Moon Well
00:29 Hunter's Hall
01:27 Ancient of War
01:47 Altar of Elders
02:20 Ancient of War
02:32 Moon Well
03:56 Moon Well
04:59 Ancient Protector
05:20 Moon Well
06:08 Moon Well
07:58 Moon Well
10:23 Moon Well
10:37 Moon Well
11:42 Moon Well
11:45 Tree of Ages
12:03 Moon Well
12:07 Moon Well
12:50 Moon Well
12:55 Moon Well
13:19 Ancient Protector
14:43 Ancient Protector
15:13 Ancient Protector
19:18 Moon Well
20:47 Moon Well
21:50 Moon Well
27:43 Tree of Life
31:22 Altar of Elders
31:27 Moon Well
32:10 Ancient Protector
» items
| Scroll of Town Portal | 1 | |
| Orb of Lightning | 1 | |
2 total
STD_Maker (
green | 34 APM | 1144 actions | 33:32)
3 Tauren Chieftain
2 Endurance Aura
1 Shockwave
» actions
| Basic commands | 24 | |
| Build / train | 83 | |
| Enter build submenu | 14 | |
| Enter hero's abilities submenu | 4 | |
| Remove unit from queue | 2 | |
| Right click | 608 | |
| Select / deselect | 370 | |
| Use ability | 39 | |
1144 total
» units
| Peon | 8 | |
| Grunt | 5 | |
| Shaman | 17 | |
| Troll Headhunter/Berserker | 24 | |
| Demolisher | 2 | |
56 total
» upgrades
| Shaman Training | 2 | |
| Armor | 2 | |
| Troll Regeneration | 1 | |
| Berserker Upgrade | 1 | |
| Burning Oil | 1 | |
| Melee Weapons | 2 | |
| Ranged Weapons | 2 | |
11 total
» buildings
| Orc Burrow | 7 | |
| Altar of Storms | 1 | |
| Barracks | 1 | |
| Stronghold | 1 | |
| War Mill | 1 | |
| Spirit Lodge | 2 | |
| Fortress | 1 | |
| Voodoo Lounge | 1 | |
15 total
» build order
00:05 Orc Burrow
00:08 Altar of Storms
00:11 Barracks
03:17 Orc Burrow
03:51 Stronghold
03:55 Orc Burrow
05:51 War Mill
06:13 Spirit Lodge
06:20 Spirit Lodge
08:05 Fortress
08:46 Orc Burrow
10:58 Orc Burrow
15:14 Orc Burrow
15:18 Voodoo Lounge
22:16 Orc Burrow
» items
| Scroll of Town Portal | 2 | |
| Potion of Healing | 2 | |
| Scroll of Speed | 1 | |
| Healing Salve | 2 | |
7 total
WulfMoon (
pink | 58 APM | 1956 actions | 33:32)
2 Mountain King
1 Storm Bolt
1 Bash
» actions
| Assign group hotkey | 50 | |
| Basic commands | 6 | |
| Build / train | 84 | |
| ESC pressed | 4 | |
| Enter build submenu | 43 | |
| Enter hero's abilities submenu | 2 | |
| Remove unit from queue | 4 | |
| Right click | 900 | |
| Select / deselect | 335 | |
| Select group hotkey | 481 | |
| Use ability | 47 | |
1956 total
» units
| Peasant | 9 | |
| Footman | 5 | |
| Rifleman | 16 | |
| Mortar Team | 6 | |
| Priest | 9 | |
| Dragonhawk Rider | 3 | |
| Gryphon Rider | 6 | |
54 total
» upgrades
| Gunpowder | 2 | |
| Lumber Harvesting | 2 | |
| Priest Training | 1 | |
| Long Rifles | 1 | |
| Armor | 2 | |
| Swords | 2 | |
| Plating | 1 | |
| Animal War Training | 0 | |
| Storm Hammers | 1 | |
12 total
» buildings
| Altar of Kings | 2 | |
| Farm | 16 | |
| Scout Tower | 7 | |
| Arcane Tower | 1 | |
| Lumber Mill | 2 | |
| Barracks | 1 | |
| Guard Tower | 7 | |
| Blacksmith | 1 | |
| Keep | 1 | |
| Workshop | 1 | |
| Arcane Sanctum | 1 | |
| Arcane Vault | 1 | |
| Gryphon Aviary | 2 | |
| Castle | 1 | |
44 total
» build order
00:16 Altar of Kings
00:20 Altar of Kings
00:36 Farm
00:47 Scout Tower
01:17 Farm
01:19 Arcane Tower
01:28 Lumber Mill
01:50 Barracks
02:37 Scout Tower
02:47 Farm
03:09 Guard Tower
04:09 Blacksmith
04:41 Scout Tower
04:50 Farm
05:16 Guard Tower
05:20 Scout Tower
06:08 Guard Tower
06:12 Scout Tower
06:17 Farm
07:00 Guard Tower
07:16 Farm
08:07 Farm
08:20 Keep
08:30 Farm
09:20 Farm
09:27 Scout Tower
10:05 Guard Tower
10:05 Guard Tower
10:24 Farm
10:31 Scout Tower
11:04 Guard Tower
12:00 Workshop
12:24 Lumber Mill
12:54 Arcane Sanctum
13:33 Arcane Vault
14:45 Farm
15:50 Gryphon Aviary
16:34 Farm
17:05 Farm
18:13 Farm
19:06 Gryphon Aviary
19:36 Castle
19:48 Farm
23:39 Farm
» items
Chat log
(01:42 / All) DIRTMCWORDUP: good Lucker
(06:28 / All) DIRTMCWORDUP: HOLY noob shit
(06:40 / All) bLinn: quit while ur still ahead... LOL
(06:51 / All) BEAR_AND: to do that....they would have had to quit at load screen
(06:53 / All) DIRTMCWORDUP: quit while ure still givinge me head
(09:01 / All) DIRTMCWORDUP: hi my name is BEAR AND!!!!!!!
(09:05 / All) BEAR_AND: wtf
(12:22 / All) BEAR_AND: u noobs?
(12:40 / All) BEAR_AND: yea ur noobs, that's a given, but in what town are u all liven?
(13:01 / All) bLinn: hot town summer in the city, pwning noobs because their micro is shitty
(13:30 / All) BEAR_AND: U SUCK!!!!!!!!
(13:35 / All) DIRTMCWORDUP: LMAo
(13:40 / All) BEAR_AND: haha....omg
(13:44 / All) bLinn: "OMG R THESE GUYS SERIOUS???" ME, ON VENT, 2 SECONDS AGOE
(13:45 / All) DIRTMCWORDUP: zomgs
(13:49 / All) BEAR_AND: i havent made a single tower in months
(13:52 / All) BEAR_AND: and u cant even kill these
(14:27 / All) BEAR_AND: nice
(14:27 / All) DIRTMCWORDUP: quit plz
(15:02 / Allies) DIRTMCWORDUP: stop the game
(16:19 / All) BEAR_AND: U SUCK!!!!!!!!!!!!!!!!!!!!
(16:21 / All) BEAR_AND: jesus christ
(16:24 / All) bLinn: LOL!!!!
(16:29 / All) BEAR_AND: LOL and droll
(16:40 / All) BEAR_AND: big fucking noobs
(16:41 / All) BEAR_AND: quit now
(16:42 / All) bLinn: wait a sec ima try goin around..
(16:43 / All) bLinn: FUCK
(19:04 / All) BEAR_AND: u ready to lose noobs?
(21:40 / All) BEAR_AND: ty
(22:27 / All) bLinn: im in ur base takin ur base
(22:52 / All) BEAR_AND: QUIT NOOBS!!!!!!!!!!!
(23:58 / Allies) BEAR_AND: i kill u
(25:50 / All) BEAR_AND: i told u.....you are noobs
(26:39 / All) DIRTMCWORDUP: WULF moon
(26:40 / All) BEAR_AND: nice plug pull :)
(26:40 / All) bLinn: WOLF MO O O O N
(29:56 / All) bLinn: you noobs i have over 14000 dollers in my bank account
(29:59 / All) bLinn: how can u win?
(30:12 / All) DIRTMCWORDUP: thats only like 300 euros haha fat americn shitty economy
(32:04 / All) BEAR_AND: hahahhahahahhah owned by clan towa
(32:10 / All) BEAR_AND: http://highper.ch/ for all replays
(32:19 / All) BEAR_AND: u a retard?
(32:22 / All) BEAR_AND: son?
(32:24 / All) BEAR_AND: u retarded?
(32:29 / All) DIRTMCWORDUP: ui attarded?
(32:43 / All) DIRTMCWORDUP: GG
(32:49 / All) BEAR_AND: Clan Towa own u
(32:54 / All) BEAR_AND: now and forever
(32:54 / All) bLinn: http://highper.ch/w3/nutsonyochin.de.html for more replays & strats
(32:57 / All) WulfMoon: i hope u like getting ur chanel flodded :)
(33:02 / All) BEAR_AND: i do
(33:05 / All) WulfMoon: Flooded =]
(33:06 / All) BEAR_AND: come to it: Clan TOWA
(33:08 / All) Cheese.Nip: they don't even have a channel lol
(33:18 / All) bLinn: BITCH i will put u on the own bot/../. u will rue the day u messed wit me
(33:20 / All) DIRTMCWORDUP: come 2 clan towa
(33:24 / All) BEAR_AND: 1v1?
(33:25 / All) WulfMoon: u have no chanel lmao noobs
(33:27 / All) BEAR_AND: 1v1 grudge match?